 Dungeon Crawl Stone Soup version 0.28-a0-751-gef3a642a4e (webtiles) character file.

Game seed: 16670438788161015804

59 bande the Covered (level 4, -6/29 HPs)
             Began as a Gargoyle Fighter on Oct 31, 2021.
             Killed by divine providence
             ... invoked by an orc priest
              (9 damage)
             ... on level 3 of the Dungeon.
             The game lasted 00:02:19 (2284 turns).

bande the Covered (Gargoyle Fighter)                Turns: 2284, Time: 00:02:20

Health: -6/29      AC: 10    Str: 21    XL:     4   Next: 3%
Magic:  4/4        EV:  9    Int:  8    God:
Gold:   116        SH:  4    Dex:  9    Spells: 3/3 levels left

rFire   . . .      SeeInvis .   i - +2 war axe (freeze)
rCold   . . .      Faith    .   c - +0 buckler
rNeg    + . .      Spirit   .   b - +0 scale mail
rPois   ∞          Reflect  .   (no helmet)
rElec   +          Harm     .   (no cloak)
rCorr   .          Rampage  .   (no gloves)
Will    .....                   (no boots)
Stlth   ..........              (no amulet)
HPRegen 0.09/turn               (no ring)
MPRegen 0.09/turn               (no ring)

@: no status effects
A: sickness immunity, AC +3, negative energy resistance 1, electricity
resistance, torment resistance 1, petrification resistance
a: no special abilities


You were on level 3 of the Dungeon.
You visited 1 branch of the dungeon, and saw 3 of its levels.

You collected 116 gold pieces.

Inventory:

Hand Weapons
 a - a +0 war axe
 i - a +2 war axe of freezing (weapon)
Armour
 b - a +0 scale mail (worn)
 c - a +0 buckler (worn)
Scrolls
 f - 3 scrolls of identify
Potions
 d - a potion of might
 e - 2 potions of curing
 g - a potion of degeneration {unknown}
 h - a potion of mutation {unknown}


   Skills:
 + Level 3.6 Fighting
 + Level 2.7 Axes
 + Level 4.1 Armour
 + Level 3.4 Shields


You had 3 spell levels left.
You didn't know any spells.
Your spell library contained the following spells:

 Spells                   Type           Power      Damage    Failure   Level
 Slow                     Hex            0%         N/A       77%         1
 Confusing Touch          Hex            0%         N/A       98%         3
 Yara's Violent Unravell  Hex/Tmut       0%         3d3       100%        5


Dungeon Overview and Level Annotations

Branches:
Dungeon (3/15)

Altars:


Innate Abilities, Weirdness & Mutations

You are immune to sickness and miasma.
Your stone body is resilient. (AC +3)
You are immune to poison.
You resist negative energy. (rN+)
You are resistant to electric shocks. (rElec)
You are resistant to unholy torment.
You are immune to petrification.


Message History

Found 14 gold pieces.
There is a stone staircase leading up here.
A rat comes into view.
A rat is nearby!
The rat bites you but does no damage.
You slash the rat! You freeze the rat.
You kill the rat!
No target in view!
No target in view!
No target in view!
No target in view!
No target in view!
No target in view!
You now have 116 gold pieces (gained 14).
An orc comes into view. It is wielding a +0 short sword.
An orc is nearby!
An orc and an orc priest come into view.
The orc is wielding a +1 dagger of draining.
Found a scroll labelled RIFAMN IGEDADD.
The orc shouts! x2; The orc priest shouts!
The orc throws a boomerang.
The boomerang hits you.
A worm and an orc wizard come into view.
The orc wizard shouts!
You enter the shallow water.
Moving in this stuff is going to be slow.
The orc wizard points at you and mumbles some strange words.
The magic dart hits you.
Your unstable footing causes you to fumble your attack.
The orc priest mumbles some strange prayers to Beogh against you.
Beogh smites you!
* * * LOW HITPOINT WARNING * * *
The orc barely misses you.
You are too injured to fight recklessly!
Unknown command.
The orc wizard casts a spell at you. The magic dart hits you.
* * * LOW HITPOINT WARNING * * *
The orc priest calls down the wrath of Beogh upon you.
Beogh smites you!
You die...

#≈≈.≈≈..#
#≈...≈.≈#
#..≈≈≈.≈#
#≈≈.≈≈w.#
#.#≈?≈ooo≈#
#.....≈≈o.#
####≈≈≈≈≈##
#.≈≈≈..#
#.#≈≈#@#
###≈≈#.#
≈≈≈##.#
#≈####.# ###
#..# #.#
#.## #.# #.#
####.###.###
#<.........#


You could see a worm, an orc priest, an orc wizard and 2 orcs.

Vanquished Creatures
  An adder (D:2)
  7 ball pythons
  4 bats
  2 endoplasms (D:2)
  A giant cockroach (D:1)
  9 hobgoblins
  3 kobolds (D:2)
  4 quokkas
  3 frilled lizards
  6 goblins
  4 rats
44 creatures vanquished.

Notes
Turn   | Place    | Note
-------+----------+-------------------------------------------
     0 | D:1      | bande the Gargoyle Fighter began the quest for the Orb.
     0 | D:1      | Reached XP level 1. HP: 14/14 MP: 1/1
   182 | D:1      | Reached XP level 2. HP: 14/19 MP: 2/2
   269 | D:1      | Found a faded altar of an unknown god.
  1085 | D:2      | Reached XP level 3. HP: 23/23 MP: 3/3
  1343 | D:2      | Reached skill level 4 in Armour
  1787 | D:2      | Reached XP level 4. HP: 29/29 MP: 4/4
  2284 | D:3      | Killed from afar by an orc priest

Illustrated notes

Levels and vault maps discovered:
D:1:      matt_arrival_los_fun, layout_basic, hellmonk_ecumenical_altar_blasted
D:2:      layout_basic
D:3:      layout_basic, regret_index_temple_of_mockery,
          nicolae_overflow_crystal_walls, minitemple, serial_rivers,
          chequers_serial_rivers_small_3, chequers_serial_rivers_micro_b,
          chequers_serial_rivers_room_a, chequers_serial_rivers_small_a,
          uniq_jessica

Skill      XL: |  1  2  3 |
---------------+----------+-----
Axes           | 2 |  2.7
Armour         | 4 |  4.1
Fighting       | |  3.6
Shields        | |  3.4

Action                   |  1- 3 |  4- 6 || total
-------------------------+-------+-------++-------
Melee: War axe           |   134 |     9 ||   143
  Use: Scroll            |     1 |       ||     1
Armor: Scale mail        |    87 |     5 ||    92
Dodge: Dodged            |    68 |     6 ||    74
Block: Buckler           |    25 |       ||    25

Table legend: (Time is in decaauts)
 A = Elapsed time spent in this place.
 B = Non-inter-level travel time spent in this place.
 C = Inter-level travel time spent in this place.
 D = Time resting spent in this place.
 E = Time spent auto-exploring this place.
 F = Levels seen in this place.
 G = Mean time per level.
                   A        B        C        D        E       F      G
               +--------+--------+--------+--------+--------+-----+--------+
         Total |   2343 |   2298 |     45 |      0 |   1879 |   3 |  781.0 |
       Dungeon |   2343 |   2298 |     45 |      0 |   1879 |   3 |  781.0 |
               +--------+--------+--------+--------+--------+-----+--------+

Top non-repeatable levels by time:
     D:2: 1203 daAuts
     D:1: 1103 daAuts
     D:3: 36 daAuts
